 Dungeon Crawl Stone Soup version 0.19-a0-1908-g43c011f (webtiles) character file.

245 kae the Ruffian (level 6, 0/56 HPs)
             Began as a Ghoul Monk on Oct 22, 2016.
             Killed from afar by an orc wizard (8 damage)
             ... with a magic dart
             ... on level 4 of the Dungeon.
             The game lasted 00:03:08 (2360 turns).

kae the Ruffian (Ghoul Monk)                        Turns: 2360, Time: 00:03:08

Health: 0/56       AC:  2    Str: 15    XL:     6   Next: 10%
Magic:  5/5        EV: 13    Int:  5    God:
Gold:   183        SH:  0    Dex: 13    Spells: 0 memorised, 5 levels left

rFire  . . .     SeeInvis .       - Unarmed
rCold  + . .     Gourm    .     a - +0 robe
rNeg   + + +     Faith    .     (no shield)
rPois  ∞         Spirit   .     (no helmet)
rElec  .         Reflect  .     (no cloak)
rCorr  .         Harm     .     (no gloves)
MR     .....                    (no boots)
Stlth  +++.......               (no amulet)
                                p - ring of flight
                                d - ring of stealth

@: rotting
A: rotting body, claws 1, carnivore 3, cold resistance 1, negative energy
resistance 3, slow regeneration 1, torment resistance, unbreathing
a: Evoke Flight


You were on level 4 of the Dungeon.
You were not hungry.

You visited 1 branch of the dungeon, and saw 4 of its levels.

You collected 183 gold pieces.

Inventory:

Armour
 a - a +0 robe (worn)
Jewellery
 d - a ring of stealth (left claw)
 p - a ring of flight (right claw)
Wands
 t - a wand of iceblast (5/15)
Scrolls
 c - a scroll of identify
 g - 2 scrolls of magic mapping
 h - a scroll of random uselessness
 i - 2 scrolls of teleportation
 o - 5 scrolls of amnesia
 r - a scroll of noise {unknown}
 s - a scroll of fog {unknown}
Potions
 e - a potion of might
 k - a potion of flight {unknown}
 l - a potion of brilliance {unknown}
 m - a potion of curing
 q - a potion of haste {unknown}
Comestibles
 b - 3 meat rations
 f - 3 beef jerkies
 n - a slice of pizza


   Skills:
 + Level 5.2 Fighting
 - Level 2.6 Dodging
 - Level 2.1 Stealth
 * Level 6.0 Unarmed Combat


You had 5 spell levels left.
You didn't know any spells.

Dungeon Overview and Level Annotations

Branches:
Dungeon (4/15)
 Temple: D:4-7

Altars:


Innate Abilities, Weirdness & Mutations

Your body is rotting away.
You thrive on raw meat.
You are immune to poison.
You have sharp fingernails.
You are carnivorous and can eat meat at any time.
Your flesh is cold resistant. (rC+)
You are immune to negative energy. (rN+++)
You regenerate slowly when monsters are visible.
You are immune to unholy pain and torment.
You can survive without breathing.


Message History

The puff of flame misses you.
It was a potion of curing.
You feel better.
The orc wizard casts a spell.
The orc closely misses you. The orc barely misses you.
A howler monkey comes into view.
You feel better.
The howler monkey howls!
The orc wizard hits you with a dagger.
* * * LOW HITPOINT WARNING * * *
The howler monkey hoots and howls with incredible vigour!
The orc misses you. The orc hits you with a trident!
* * * LOW HITPOINT WARNING * * *
The orc wizard hits you but does no damage.
You hear a bark!
You feel better. The orc wizard completely misses you.
The orc barely misses you. The orc misses you.
The orc wizard gestures wildly while chanting.
The orc wizard gestures at you while chanting.
The magic dart hits you!
You die...

**,* **,#..........#*... *,*
*********#>####)#..#****...
*,****,.......#....))...#####...
*,,,,,,.......#######...........
******.,#.....# #...######..
*..#..#..# #...#### #(.
*******........# #...##.###..
*,,,,,,..#..#..#######...#.#.####
*,,,,,*.......o#@..............##
*,,,,,,.......o†)%...............
*,,,,,*#...##..#.............(.#.
*,,,,,,.,*,*#..#######...#.#.####
********,,,....# #...##.##
*,,,*#h#.## #...#### ***,,,*#.#.*
#...# *,,,,,,.,..* #...# *
*,,,,,..,##* ######...#


You could see a howler monkey and an orc wizard.

Vanquished Creatures
  3 orc priests (D:4)
  An orc wizard (D:4)
  5 adders
  A worm (D:2)
  3 dart slugs
  2 leopard geckos
  11 orcs
  7 bats
  3 giant cockroaches
  5 goblins
  10 hobgoblins
  2 jackals (D:3)
  A ball python (D:3)
  4 frilled lizards
  A jackal skeleton (D:4)
  3 kobolds
  A quokka skeleton (D:4)
  8 rats
71 creatures vanquished.

Notes
Turn   | Place    | Note
-------+----------+-------------------------------------------
     0 | D:1      | kae the Ghoul Monk began the quest for the Orb.
     0 | D:1      | Reached XP level 1. HP: 19/19 MP: 0/0
   147 | D:1      | Reached XP level 2. HP: 24/27 MP: 1/1
   569 | D:1      | Reached XP level 3. HP: 29/32 MP: 2/2
   655 | D:2      | Reached skill level 4 in Unarmed Combat
   955 | D:2      | Reached XP level 4. HP: 32/41 MP: 3/3
  1975 | D:4      | Reached skill level 5 in Unarmed Combat
  1975 | D:4      | Reached XP level 5. HP: 42/44 MP: 4/4
  2176 | D:4      | Reached skill level 5 in Fighting
  2349 | D:4      | Reached XP level 6. HP: 26/56 MP: 5/5
  2352 | D:4      | Reached skill level 6 in Unarmed Combat
  2356 | D:4      | HP: 1/56 [orc wizard/dagger (2)]
  2360 | D:4      | Killed from afar by an orc wizard

Vault maps used:
D:1:      dpeg_arrival_pits
D:3:      first_bread, hangedman_decor_riveting
D:4:      tgw_trog, minivault_1

Skill      XL: |  1  2  3  4  5  6 |
---------------+-------------------+-----
Fighting       | 4 5 |  5.2
Unarmed Combat | 4 5 6 |  6.0
Dodging        | |  2.6
Stealth        | |  2.1

Action                   |  1- 3 |  4- 6 || total
-------------------------+-------+-------++-------
Melee: Unarmed           |    80 |   132 ||   212
       Punch             |       |     4 ||     4
  Use: Scroll            |       |     5 ||     5
       Potion            |       |     5 ||     5
 Stab: Sleeping          |     3 |     4 ||     7
  Eat: Chunk             |     1 |    18 ||    19
Armor: Robe              |     8 |    24 ||    32
Dodge: Dodged            |    40 |   115 ||   155
